[Event "Titled Tuesday Blitz May 9 Late 2023"]
[White "Castillo Pena, Patricia Evarista"]
[Black "Escalante Ramirez, Rafael"]
[WhiteFideId "6412106"]
[BlackFideId "3900177"]
[WhiteElo "1919"]
[BlackElo "2236"]
[Result "0-1"]
[Round "04"]
[TimeControl "180+2"]
[Date "2023.05.09"]
[WhiteClock "0:01:09"]
[BlackClock "0:01:37"]

1. d4 Nf6 2. Nf3 e6 3. e3 b6 4. Bd3 Bb7 5. Nbd2 c5 6. b3 Be7 7. Bb2 d6 8. O-O Nbd7 9. Qe2 O-O 10. Rfd1 Qc7 11. Rac1 a6 12. c4 Rfd8 13. Ng5 h6 14. Nge4 Ne8 15. dxc5 bxc5 16. Qg4 Ne5 17. Qg3 Nxd3 0-1


[Site "https://www.chess.com"]

[Event "Titled Tuesday Blitz May 9 Late 2023"]
[White "Vargas, Mauricio"]
[Black "ritanovikova"]
[WhiteFideId "4404572"]
[WhiteElo "1986"]
[BlackElo "2191"]
[Result "0-1"]
[Round "04"]
[TimeControl "180+2"]
[Date "2023.05.09"]
[WhiteClock "0:00:00"]
[BlackClock "0:02:12"]

1. e4 d5 2. e5 f6 3. Nf3 Bg4 4. exf6 exf6 5. h3 Bh5 6. d4 Nc6 7. Bb5 Ne7 8. O-O a6 9. Bd3 Bg6 10. c3 Bxd3 11. Qxd3 Qd7 12. Re1 O-O-O 13. b4 Ng6 14. b5 axb5 15. Qxb5 Nb8 16. Qa5 Bd6 17. Na3 c6 18. c4 Bc7 19. Qa8 Qd6 20. c5 Qd7 21. Rb1 Bf4 22. Bxf4 Nxf4 23. Nh4 g6 24. Nf3 Rhe8 25. Red1 Ne2+ 0-1


[Site "https://www.chess.com"]

[Event "Titled Tuesday Blitz May 9 Late 2023"]
[White "Sanchez, Robert"]
[Black "Phillips, Rene"]
[WhiteFideId "2034360"]
[BlackFideId "2056275"]
[WhiteElo "1866"]
[BlackElo "2185"]
[Result "0-1"]
[Round "04"]
[TimeControl "180+2"]
[Date "2023.05.09"]
[WhiteClock "0:00:26"]
[BlackClock "0:00:27"]

1. e4 Nc6 2. Nf3 d5 3. exd5 Qxd5 4. Nc3 Qa5 5. Be2 Bg4 6. O-O O-O-O 7. d3 Nf6 8. Bd2 Qf5 9. h3 h5 10. a3 e6 11. b4 Bd6 12. b5 Ne5 13. Nd4 Bxe2 14. Qxe2 Qg6 15. a4 Nfg4 16. Bf4 Qf6 17. Bg3 h4 18. Bxe5 Nxe5 19. Ne4 Qf4 20. Nxd6+ Rxd6 21. c3 Rhd8 22. a5 g5 23. Rfe1 Ng6 24. b6 a6 25. bxc7 Kxc7 26. Rab1 Qf6 27. Qb2 Rb8 28. Qb4 Nf4 29. Qc5+ Kd7 30. Red1 e5 31. Nf3 Rc6 32. Qxe5 Kc8 0-1


[Site "https://www.chess.com"]

[Event "Titled Tuesday Blitz May 9 Late 2023"]
[White "Kiseljova, Marya"]
[Black "Panico, Nick"]
[WhiteFideId "4155009"]
[BlackFideId "2026724"]
[WhiteElo "1831"]
[BlackElo "1982"]
[Result "0-1"]
[Round "04"]
[TimeControl "180+2"]
[Date "2023.05.09"]
[WhiteClock "0:01:19"]
[BlackClock "0:02:26"]

1. d4 f5 2. Nf3 Nf6 3. c4 d6 4. Nc3 g6 5. e3 Bg7 6. Bd3 O-O 7. O-O Nc6 8. e4 fxe4 9. Nxe4 e5 10. dxe5 dxe5 11. Bg5 Bg4 12. Nxf6+ Bxf6 13. Bxf6 Qxf6 14. Be2 Rad8 15. Qb3 e4 16. c5+ Kg7 17. Qxb7 exf3 18. Bb5 fxg2 19. Rfe1 Qxf2# 0-1


[Site "https://www.chess.com"]

[Event "Titled Tuesday Blitz May 9 Late 2023"]
[White "KSho99"]
[Black "Prado, Alexandra"]
[BlackFideId "3301346"]
[WhiteElo "2145"]
[BlackElo "1759"]
[Result "1-0"]
[Round "04"]
[TimeControl "180+2"]
[Date "2023.05.09"]
[WhiteClock "0:00:04"]
[BlackClock "0:00:00"]

1. Nf3 g6 2. d4 Nf6 3. b3 Bg7 4. Bb2 O-O 5. Nbd2 d5 6. c4 c6 7. e3 a5 8. Bd3 Bg4 9. Qc2 Na6 10. a3 dxc4 11. bxc4 c5 12. d5 e6 13. Ne5 exd5 14. Nxg4 Nxg4 15. Bxg7 Kxg7 16. cxd5 Qxd5 17. Be4 Qe5 18. Rb1 Qf6 19. O-O Qe5 20. Nf3 Qd6 21. Bxb7 Rab8 22. h3 1-0


[Site "https://www.chess.com"]

[Event "Titled Tuesday Blitz May 9 Late 2023"]
[White "Nakamura, Hikaru"]
[Black "Sarana, Alexey"]
[WhiteFideId "2016192"]
[BlackFideId "24133795"]
[WhiteElo "2885"]
[BlackElo "2714"]
[Result "0-1"]
[Round "05"]
[TimeControl "180+2"]
[Date "2023.05.09"]
[WhiteClock "0:00:10"]
[BlackClock "0:00:10"]

1. Nf3 d5 2. e3 c5 3. b3 Nc6 4. Bb5 f6 5. Nc3 d4 6. Bxc6+ bxc6 7. Na4 e5 8. d3 Bg4 9. h3 Bh5 10. Ba3 Nh6 11. g4 Bg6 12. Nd2 Qa5 13. O-O Nf7 14. f4 h5 15. f5 Bh7 16. Nc4 Qb5 17. e4 Bg8 18. Kg2 Ng5 19. Rh1 hxg4 20. Qxg4 Nxe4 21. dxe4 Bxc4 22. Rac1 Bf7 23. c4 Qa5 24. Qe2 Rh4 25. Qe1 Qxe1 26. Rcxe1 g6 27. Rhf1 gxf5 28. Rxf5 Be7 29. Kg3 Rh6 30. Bc1 Rh7 31. Kh2 Be6 32. Rf3 Kf7 33. Rh1 Rh4 34. Bg5 Rxe4 35. Rhf1 Re2+ 36. Kh1 Rh8 37. h4 Bg4 38. Rxf6+ Bxf6 39. Rxf6+ Kg7 40. Nxc5 Rf8 41. Ne4 Rxf6 42. Nxf6 Bf5 43. Kg1 d3 44. Kf1 Bh3+ 45. Kg1 d2 0-1


[Site "https://www.chess.com"]

[Event "Titled Tuesday Blitz May 9 Late 2023"]
[White "Ibrahimli, Murad"]
[Black "Moussard, Jules"]
[WhiteFideId "13410229"]
[BlackFideId "642908"]
[WhiteElo "2364"]
[BlackElo "2610"]
[Result "0-1"]
[Round "05"]
[TimeControl "180+2"]
[Date "2023.05.09"]
[WhiteClock "0:00:02"]
[BlackClock "0:00:03"]

1. d4 d5 2. c4 e6 3. Nc3 a6 4. cxd5 exd5 5. Bf4 Nf6 6. e3 Bd6 7. Bg5 c6 8. Bd3 O-O 9. Qc2 h6 10. Bh4 Be6 11. Nge2 Nbd7 12. f3 c5 13. O-O Re8 14. Bf2 Rc8 15. h3 b5 16. dxc5 Nxc5 17. a3 Nfd7 18. Bh7+ Kh8 19. Bf5 Ne5 20. Bxe6 fxe6 21. Rad1 Qf6 22. e4 Qg6 23. Kh1 Nc4 24. b4 Nd7 25. Qb3 Nf6 26. exd5 exd5 27. Rg1 Ne3 28. Rd2 Qg5 29. h4 Qf5 30. Nd4 Qg6 31. Nce2 Nc4 32. Rdd1 Be5 33. Qd3 Qh5 34. g4 Qf7 35. Rc1 Nd7 36. g5 Bxd4 37. Nxd4 Nde5 38. Qd1 Rf8 39. gxh6 gxh6 40. Rg3 Rg8 41. Qe2 Qf4 42. Rxg8+ Rxg8 43. Rd1 Rf8 44. Rg1 Qf6 45. Rg3 Qxh4+ 46. Kg2 Qf6 47. Rh3 Rg8+ 48. Bg3 Kh7 49. Qc2+ Rg6 50. f4 Ne3+ 51. Kh2 Nxc2 52. f5 Rg4 53. Ne6 Qxf5 0-1


[Site "https://www.chess.com"]

[Event "Titled Tuesday Blitz May 9 Late 2023"]
[White "Zhigalko, Sergei"]
[Black "Martinez Alcantara, Jose Eduardo"]
[WhiteFideId "13502956"]
[BlackFideId "3805662"]
[WhiteElo "2626"]
[BlackElo "2711"]
[Result "0-1"]
[Round "05"]
[TimeControl "180+2"]
[Date "2023.05.09"]
[WhiteClock "0:00:00"]
[BlackClock "0:00:04"]

1. e4 c5 2. c3 e6 3. d4 d5 4. e5 Bd7 5. Nf3 Qb6 6. Bd3 cxd4 7. cxd4 Bb5 8. Nc3 Bxd3 9. Qxd3 Nc6 10. O-O h6 11. Be3 Nge7 12. Na4 Qc7 13. Rac1 Nf5 14. a3 Be7 15. Bd2 O-O 16. g4 Nh4 17. Nxh4 Bxh4 18. f4 Rae8 19. Nc5 Be7 20. b4 Bxc5 21. Rxc5 Qd7 22. b5 Ne7 23. Bb4 f5 24. exf6 Rxf6 25. Rfc1 Rc8 26. Qc2 Rxc5 27. Qxc5 Rf7 28. a4 Ng6 29. Qc8+ Qxc8 30. Rxc8+ Kh7 31. f5 exf5 32. gxf5 Nh4 33. f6 gxf6 34. Kf2 Kg6 35. Ra8 a6 36. bxa6 bxa6 37. Rxa6 Rb7 38. Bc5 Rb2+ 39. Kg3 Kg5 40. Be7 Nf5+ 41. Kf3 Nxe7 42. Ra5 Ra2 43. Ra7 Ra3+ 44. Kg2 Nf5 45. Ra8 Kf4 46. a5 Ra2+ 47. Kh3 Ra3+ 48. Kg2 Nh4+ 49. Kf2 Ra2+ 50. Ke1 Nf3+ 51. Kd1 Ke3 52. Kc1 Kd3 53. a6 Nxd4 54. a7 Nb5 55. Rd8 Nc3 56. Rxd5+ Nxd5 57. a8=Q Rxa8 0-1


[Site "https://www.chess.com"]

[Event "Titled Tuesday Blitz May 9 Late 2023"]
[White "Kozak, Adam"]
[Black "Carlsen, Magnus"]
[WhiteFideId "753246"]
[BlackFideId "1503014"]
[WhiteElo "2469"]
[BlackElo "2852"]
[Result "0-1"]
[Round "05"]
[TimeControl "180+2"]
[Date "2023.05.09"]
[WhiteClock "0:00:00"]
[BlackClock "0:00:09"]

1. d4 a6 2. a4 Nf6 3. Nf3 e6 4. g3 b6 5. Bg2 Bb7 6. O-O Be7 7. c4 a5 8. b3 O-O 9. Bb2 Na6 10. Na3 d5 11. Ne5 Ne4 12. Rc1 Nb4 13. cxd5 exd5 14. Nb5 c6 15. Nc3 Nxc3 16. Bxc3 Na2 17. Rc2 Nxc3 18. Rxc3 Rc8 19. Nd3 Bf6 20. e3 c5 21. Nf4 g6 22. Rc2 cxd4 23. Rxc8 Qxc8 24. Nxd5 Bxd5 25. Bxd5 dxe3 26. fxe3 Qc3 27. Qf3 Kg7 28. e4 Qe5 29. Kg2 Rc8 30. Bc4 Rc7 31. Qf4 Qe7 32. Qe3 Qd6 33. Qf4 Be5 34. Qf3 f6 35. Rd1 Qe7 36. Qd3 h5 37. Qd5 Qe8 38. Rd2 Kh6 39. Qd3 Qc8 40. Qe3+ Kg7 41. Qxb6 Qg4 42. Qe3 h4 43. Qf3 Qg5 44. Rd1 Kh6 45. Kh3 hxg3 46. hxg3 Qh5+ 47. Qxh5+ Kxh5 48. Rd5 Ra7 49. Be2+ Kg5 50. Bc4 Ra8 51. Kg2 Kg4 52. Be2+ Kg5 53. Bc4 Kh6 54. Rd7 Kh5 55. Kf3 Kg5 56. Kg2 Rh8 57. Rd5 Ra8 58. Kf3 Ra7 59. Kg2 Kh6 60. Kf3 Bc3 61. Kg2 Be5 62. Kf3 Kh5 63. Kg2 g5 64. Be2+ Kg6 65. Kf3 Rb7 66. Bc4 Rh7 67. Kg2 g4 68. Rd3 Kg5 69. Be6 Re7 70. Bc4 f5 71. exf5 Kxf5 72. Re3 Rd7 73. Rd3 Bd4 74. Rd2 Rd6 75. Rd1 Ke4 76. Rd2 Rf6 77. Re2+ Be3 78. Rc2 Kd4 79. Bf1 Rf3 80. Rc4+ Ke5 81. Rc2 Bd4 82. Re2+ Kf5 83. Rd2 Ke5 84. Re2+ Kd5 85. Rc2 Be5 86. Bc4+ Kd4 87. Rd2+ Ke4 88. Re2+ Kd4 89. Rd2+ Kc3 90. Rd5 Rxg3+ 91. Kf2 Rf3+ 92. Kg2 Bc7 93. Rg5 Rf4 94. Be6 Re4 95. Bc4 g3 96. Rg6 Rd4 97. Rg7 Rd2+ 98. Kg1 Be5 99. Kf1 Bxg7 0-1


[Site "https://www.chess.com"]

[Event "Titled Tuesday Blitz May 9 Late 2023"]
[White "Pranav, V"]
[Black "Ibarra Jerez, Jose Carlos"]
[WhiteFideId "25060783"]
[BlackFideId "2226332"]
[WhiteElo "2515"]
[BlackElo "2638"]
[Result "0-1"]
[Round "05"]
[TimeControl "180+2"]
[Date "2023.05.09"]
[WhiteClock "0:00:03"]
[BlackClock "0:00:53"]

1. e4 c5 2. Nf3 Nc6 3. Bb5 e6 4. Bxc6 bxc6 5. O-O Ne7 6. d3 Ng6 7. Ng5 f6 8. Nh3 d5 9. Nc3 Be7 10. Qh5 O-O 11. f4 c4 12. dxc4 Ba6 13. Be3 Bxc4 14. Rfd1 Qa5 15. Nf2 Rab8 16. Rab1 Rxb2 17. Rxb2 Qxc3 18. Bd4 Nxf4 19. Bxc3 Nxh5 20. exd5 cxd5 21. Bd2 Bc5 22. Re1 e5 23. g4 Nf4 24. Bxf4 exf4 25. Kg2 Be3 26. Rb7 d4 27. Rd7 Bb5 28. Rd6 Rc8 29. Ne4 Rxc2+ 30. Kf3 Bc6 31. Rxc6 Rxc6 32. Rb1 Rb6 33. Ra1 d3 34. Rd1 d2 35. Ke2 Rb2 36. a4 Ra2 37. Nc3 Ra3 38. Kd3 Bb6 39. Ke4 Rxc3 0-1


[Site "https://www.chess.com"]

[Event "Titled Tuesday Blitz May 9 Late 2023"]
[White "Sargsyan, Shant"]
[Black "Wieczorek, Oskar"]
[WhiteFideId "13306766"]
[BlackFideId "1133950"]
[WhiteElo "2628"]
[BlackElo "2418"]
[Result "1-0"]
[Round "05"]
[TimeControl "180+2"]
[Date "2023.05.09"]
[WhiteClock "0:01:18"]
[BlackClock "0:00:00"]

1. g3 Nf6 2. Bg2 d5 3. Nf3 g6 4. O-O Bg7 5. d3 O-O 6. Nbd2 Nc6 7. c3 a5 8. a4 e5 9. e4 Re8 10. Re1 h6 11. Qc2 b6 12. Nf1 d4 13. Rd1 Ba6 14. h3 Qd6 15. N1h2 Qc5 16. c4 Nb4 17. Qe2 Rad8 18. b3 Bc8 19. Ne1 Nd7 20. Nc2 Nxc2 21. Qxc2 Bf8 22. Ba3 Qc6 23. Bxf8 Rxf8 24. Qd2 Kg7 25. Ng4 h5 26. Qh6+ Kg8 27. Nh2 Qf6 28. Nf3 Qg7 29. Qd2 Nc5 30. Rab1 Na6 31. Qg5 f6 32. Qd2 Qe7 33. Nh4 Kg7 34. Rf1 Qb4 35. Qe2 Nc5 36. f4 Qc3 37. Rbd1 Qxb3 38. f5 g5 39. Ng6 Rh8 40. Bf3 Qxa4 41. Bxh5 Bd7 42. h4 gxh4 43. Qg4 Rxh5 44. Qxh5 Rg8 45. Qxh4 Qc2 46. Qg4 Kf7 47. Rf2 Be8 48. Rxc2 1-0


[Site "https://www.chess.com"]

[Event "Titled Tuesday Blitz May 9 Late 2023"]
[White "Paravyan, David"]
[Black "Grigorov, Grigor"]
[WhiteFideId "4194985"]
[BlackFideId "2907313"]
[WhiteElo "2563"]
[BlackElo "2510"]
[Result "1-0"]
[Round "05"]
[TimeControl "180+2"]
[Date "2023.05.09"]
[WhiteClock "0:01:10"]
[BlackClock "0:00:00"]

1. e4 c6 2. d4 d5 3. e5 Bf5 4. Nf3 e6 5. Be2 c5 6. Be3 Qb6 7. Nc3 c4 8. Rb1 Bb4 9. O-O Bxc3 10. bxc3 Qa6 11. Nh4 Ne7 12. g4 Be4 13. f3 Bg6 14. f4 Be4 15. Bf3 Nbc6 16. Qe2 O-O-O 17. Bf2 Bxf3 18. Nxf3 h5 19. h3 hxg4 20. hxg4 Qa3 21. Qd2 f5 22. exf6 gxf6 23. Qe3 Qd6 24. Bg3 Rdg8 25. Nh2 Rh3 26. Rf3 Qd7 27. Re1 e5 28. fxe5 fxe5 29. dxe5 d4 30. Qe4 dxc3 31. Kg2 Rgh8 32. e6 Qd2+ 33. Re2 Qh6 34. Qf4 Qxf4 35. Rxf4 Nd5 36. Rxc4 Kd8 37. Nf3 Ke7 38. Rc5 Ncb4 39. Nd4 1-0


[Site "https://www.chess.com"]

[Event "Titled Tuesday Blitz May 9 Late 2023"]
[White "Mekhitarian, Krikor Sevag"]
[Black "Bortnyk, Olexandr"]
[WhiteFideId "2107660"]
[BlackFideId "14120828"]
[WhiteElo "2604"]
[BlackElo "2734"]
[Result "1-0"]
[Round "05"]
[TimeControl "180+2"]
[Date "2023.05.09"]
[WhiteClock "0:00:02"]
[BlackClock "0:00:00"]

1. Nf3 Nf6 2. c4 b6 3. g3 Bb7 4. Bg2 g6 5. d4 Bg7 6. Nc3 O-O 7. Qc2 Na6 8. e4 c5 9. d5 Ne8 10. O-O e5 11. a3 Nd6 12. Qd3 f5 13. Rb1 Qf6 14. Re1 Rae8 15. Bd2 h6 16. b3 g5 17. Re2 f4 18. g4 h5 19. h3 hxg4 20. hxg4 Qg6 21. Nh2 Kf7 22. f3 Rh8 23. Nf1 Bf6 24. Bh1 Rh3 25. Rh2 Rxh2 26. Nxh2 Rc8 27. Be1 Nc7 28. Bf2 a5 29. Bg2 Ba6 30. Nf1 Qh7 31. Nd2 Be7 32. a4 Rh8 33. Kf1 Bb7 34. Nb5 Na6 35. Qc3 Qg7 36. Ke2 Rh2 37. Rg1 Nb4 38. Nf1 Rh6 39. Rh1 Rxh1 40. Bxh1 Ne8 41. Bg2 d6 42. Nd2 Qh7 43. Qc1 Nf6 44. Qh1 Qg8 45. Qh6 Bf8 46. Qh1 Bc8 47. Kd1 Nd3 48. Bg1 Bd7 49. Kc2 Nb4+ 50. Kb2 Ke7 51. Bf1 Kd8 52. Be2 Kc8 53. Bf2 Kb7 54. Be1 Qg7 55. Bf2 Be7 56. Be1 Be8 57. Kb1 Qg8 58. Nf1 Bg6 59. Kb2 Qg7 60. Bc3 Be8 61. Nd2 Bd7 62. Qh3 Bf8 63. Qh1 Qg6 64. Qh2 Qg8 65. Qh1 Na6 66. Qh2 Nc7 67. Qh1 Be7 68. Qh2 Be8 69. Qh1 Nd7 70. Qh6 Bf8 71. Qh1 Qg7 72. Qh2 Be7 73. Qh1 Nf8 74. Qh2 Ng6 75. Bd3 Nh4 76. Be2 Bd7 77. Nb1 Ne8 78. Nd2 Nf6 79. Nf1 Qf8 80. Be1 Bxg4 81. fxg4 f3 82. Bd3 Nxg4 83. Qg3 f2 84. Bd2 Qf3 85. Qxf3 Nxf3 86. Be2 Nxd2 87. Nxd2 Nh2 88. Nf1 g4 89. Ng3 Bh4 90. Nh1 g3 91. Nxg3 Bxg3 92. Nxd6+ Kc7 93. Nf5 Bf4 94. Kc2 f1=Q 95. Bxf1 Nxf1 96. Kd3 Nd2 97. Ng7 Nxb3 98. Ne6+ Kd6 99. Nd8 Nc1+ 100. Kc2 Ne2 101. Kd3 Nd4 102. Nf7+ Kd7 103. Nh8 Nf3 104. Ng6 Kd6 105. Nf8 Bg5 106. Ne6 Bh6 107. Nd8 1-0


[Site "https://www.chess.com"]

[Event "Titled Tuesday Blitz May 9 Late 2023"]
[White "Andreikin, Dmitry"]
[Black "Peng, Li Min"]
[WhiteFideId "4158814"]
[BlackFideId "14112620"]
[WhiteElo "2736"]
[BlackElo "2436"]
[Result "1-0"]
[Round "05"]
[TimeControl "180+2"]
[Date "2023.05.09"]
[WhiteClock "0:00:35"]
[BlackClock "0:00:00"]

1. c4 e6 2. Nc3 d5 3. d4 c6 4. Nf3 dxc4 5. a4 Bb4 6. Bd2 a5 7. h4 Nf6 8. h5 h6 9. Qc2 b6 10. e4 Ba6 11. e5 Nd5 12. Ne4 b5 13. Rh3 Kf8 14. Rg3 Nd7 15. Be2 Bxd2+ 16. Nfxd2 Qh4 17. Rh3 Nb4 18. Qc3 Qd8 19. Nd6 Nb6 20. axb5 cxb5 21. Rxa5 N6d5 22. Qf3 Ra7 23. Rxa6 Nxa6 24. Nxb5 Re7 25. Bxc4 Nab4 26. Kf1 Qa5 27. Qa3 Qxa3 28. Rxa3 g6 29. hxg6 fxg6 30. Ne4 Kg7 31. Nc5 Rd8 32. Nd6 Nc2 33. Ra4 Nb6 34. Nxe6+ Rxe6 35. Ra7+ Rd7 36. Rxd7+ Nxd7 37. Bxe6 Nf8 38. Ne8+ Kh7 39. d5 Nb4 40. Bf7 1-0


[Site "https://www.chess.com"]

[Event "Titled Tuesday Blitz May 9 Late 2023"]
[White "Terry, Renato"]
[Black "Kuznetsov, Felix"]
[WhiteFideId "3803457"]
[BlackFideId "34147990"]
[WhiteElo "2575"]
[BlackElo "2281"]
[Result "1-0"]
[Round "05"]
[TimeControl "180+2"]
[Date "2023.05.09"]
[WhiteClock "0:00:11"]
[BlackClock "0:00:00"]

1. Nf3 Nf6 2. b3 e6 3. Bb2 d5 4. g3 b6 5. Bg2 Bb7 6. O-O Be7 7. c4 O-O 8. cxd5 exd5 9. Qc2 c5 10. d4 Nbd7 11. Rd1 Rc8 12. Nc3 Qc7 13. Rac1 Qb8 14. dxc5 Nxc5 15. Qf5 Nce4 16. Nxe4 dxe4 17. Ng5 g6 18. Qh3 h5 19. Bxf6 Bxf6 20. Nxe4 Bxe4 21. Bxe4 Rxc1 22. Rxc1 Qe5 23. Bd3 Qb2 24. Rc2 Qa1+ 25. Kg2 Bd4 26. Qd7 Bc5 27. Qxa7 Qd4 28. Rxc5 Qxc5 29. Qd7 Kg7 30. Bc4 Qe5 31. a4 Qf6 32. Qc7 h4 33. g4 Re8 34. e3 h3+ 35. Kg3 Rh8 36. f4 1-0


[Site "https://www.chess.com"]

[Event "Titled Tuesday Blitz May 9 Late 2023"]
[White "Krzyzanowski, Marcin"]
[Black "Tang, Andrew"]
[WhiteFideId "1132199"]
[BlackFideId "2059630"]
[WhiteElo "2471"]
[BlackElo "2596"]
[Result "1-0"]
[Round "05"]
[TimeControl "180+2"]
[Date "2023.05.09"]
[WhiteClock "0:00:18"]
[BlackClock "0:00:00"]

1. Nf3 d5 2. g3 Nf6 3. Bg2 e6 4. O-O Be7 5. d4 O-O 6. c4 dxc4 7. Na3 Bxa3 8. bxa3 b5 9. a4 a6 10. Ba3 Re8 11. Ne5 Nd5 12. e4 Nc3 13. Qf3 f6 14. Qxc3 fxe5 15. dxe5 Nc6 16. Rad1 Qg5 17. f4 Qh5 18. f5 Bb7 19. Rd7 Rad8 20. fxe6 Bc8 21. Rf5 Qg6 22. Rxc7 Nd4 23. Rf2 Nxe6 24. Ra7 Ng5 25. Bd6 Nxe4 26. Bxe4 Qxe4 27. Rff7 Be6 28. Rxg7+ Kh8 29. Rxh7+ Qxh7 30. Rxh7+ Kxh7 31. Qf3 Kg8 32. Qh5 Rc8 33. Qg6+ Kh8 34. Qf6+ Kh7 35. Be7 Rc6 36. Qh4+ Kg8 37. Qg5+ Kh7 38. Qh5+ Kg7 39. Qxe8 Bf7 40. Qxc6 1-0


[Site "https://www.chess.com"]

[Event "Titled Tuesday Blitz May 9 Late 2023"]
[White "Rasulov, Vugar"]
[Black "Leiva, Gianmarco"]
[WhiteFideId "13402390"]
[BlackFideId "3804399"]
[WhiteElo "2509"]
[BlackElo "2365"]
[Result "1-0"]
[Round "05"]
[TimeControl "180+2"]
[Date "2023.05.09"]
[WhiteClock "0:00:52"]
[BlackClock "0:00:00"]

1. e4 c5 2. Nf3 d6 3. d4 cxd4 4. Nxd4 Nf6 5. Nc3 a6 6. Be2 e5 7. Nf3 Be7 8. Bg5 Nbd7 9. a4 b6 10. Nd2 Bb7 11. O-O Rc8 12. Re1 O-O 13. Bf1 Rc7 14. Nc4 Rc6 15. Be3 Qb8 16. f3 Nc5 17. Bf2 Bc8 18. Ne3 Be6 19. Ncd5 Bxd5 20. exd5 Rc7 21. b4 Ncd7 22. Bxa6 g6 23. Bb5 Nh5 24. Bc6 Nf4 25. Kh1 Bf6 26. Rb1 Rfc8 27. a5 Rxc6 28. dxc6 Rxc6 29. a6 b5 30. a7 Qxa7 31. Ng4 Qc7 32. Be3 Bg5 33. Bxf4 Bxf4 34. Qd5 Rxc2 35. Qxb5 h5 36. Qxd7 hxg4 37. Qxc7 Rxc7 38. fxg4 d5 39. g3 Bd2 40. Rxe5 d4 41. Rd5 Be3 42. b5 Rb7 43. Kg2 Kg7 44. Kf3 Kf6 45. b6 Ke6 46. Rd8 f6 47. Ke4 f5+ 48. gxf5+ gxf5+ 49. Kd3 Ke7 50. Rxd4 Bxd4 51. Kxd4 Kd6 52. h4 Kc6 53. Ke5 Rg7 54. b7 Rxb7 55. Rxb7 Kxb7 56. Kxf5 1-0


[Site "https://www.chess.com"]

[Event "Titled Tuesday Blitz May 9 Late 2023"]
[White "Yoo, Christopher Woojin"]
[Black "Amburgy, Ryan"]
[WhiteFideId "30909694"]
[BlackFideId "30924820"]
[WhiteElo "2519"]
[BlackElo "2134"]
[Result "1-0"]
[Round "05"]
[TimeControl "180+2"]
[Date "2023.05.09"]
[WhiteClock "0:00:11"]
[BlackClock "0:00:10"]

1. d4 Nf6 2. Nf3 d5 3. c4 e6 4. g3 Bb4+ 5. Bd2 Bd6 6. Bg2 O-O 7. O-O c6 8. Qc2 Nbd7 9. a4 e5 10. cxd5 cxd5 11. dxe5 Nxe5 12. Nc3 Bg4 13. Bg5 Bxf3 14. exf3 Be7 15. Bxf6 Bxf6 16. f4 Nc6 17. Nxd5 Rc8 18. Rfd1 Nd4 19. Qd3 Ne6 20. Qb3 b6 21. f5 Nc5 22. Qb5 Qd6 23. a5 Qe5 24. axb6 axb6 25. Qxb6 Qxb2 26. Qxb2 Bxb2 27. Ne7+ Kh8 28. Nxc8 Bxa1 29. Rxa1 Rxc8 30. Ra7 f6 31. Bd5 Nd3 32. h4 Ne5 33. h5 h6 34. Kg2 Rd8 35. Be6 Rb8 36. f4 Nd3 37. Kf3 Nc5 38. Rc7 Nb7 39. g4 Nd6 40. Rd7 Nb7 41. Bd5 Nc5 42. Rc7 Na6 43. Ra7 Nc5 44. Ke3 Rd8 45. Bc4 Nd7 46. Be6 Nc5 47. Rc7 Na6 48. Rc6 Nb4 49. Rc5 Kh7 50. Bf7 Kh8 51. Rc4 Nd5+ 52. Ke4 Ne7 53. Rc7 Ng8 54. Be6 Rb8 55. Kd4 Re8 56. Kc5 Rd8 57. Rc8 Rxc8+ 58. Bxc8 Ne7 59. Be6 Kh7 60. Kd6 Ng8 61. Kd7 Kh8 62. Ke8 Kh7 63. Kf8 Kh8 64. Bxg8 g6 65. hxg6 h5 66. g7# 1-0


[Site "https://www.chess.com"]

[Event "Titled Tuesday Blitz May 9 Late 2023"]
[White "Livaic, Leon"]
[Black "Ozdemir, Serhan Berat"]
[WhiteFideId "14531534"]
[BlackFideId "6374611"]
[WhiteElo "2522"]
[BlackElo "2015"]
[Result "1-0"]
[Round "05"]
[TimeControl "180+2"]
[Date "2023.05.09"]
[WhiteClock "0:01:51"]
[BlackClock "0:00:00"]

1. d4 Nf6 2. c4 e6 3. Nf3 Bb4+ 4. Bd2 a5 5. g3 d5 6. Qc2 O-O 7. Bg2 c6 8. O-O dxc4 9. Qxc4 b5 10. Qc2 Be7 11. Bg5 Ra6 12. Nbd2 Nbd7 13. Rac1 c5 14. Bxf6 gxf6 15. dxc5 Nxc5 16. Rfd1 Qb6 17. Ne4 Nxe4 18. Qxe4 f5 19. Qf4 Bf6 20. Ne5 Rd8 21. Ng4 Rxd1+ 22. Rxd1 Bg7 23. Qg5 fxg4 24. Rd8+ Qxd8 25. Qxd8+ 1-0


[Site "https://www.chess.com"]

[Event "Titled Tuesday Blitz May 9 Late 2023"]
[White "Lavrik, Dmitry"]
[Black "Bluebaum, Matthias"]
[WhiteFideId "24113190"]
[BlackFideId "24651516"]
[WhiteElo "2345"]
[BlackElo "2639"]
[Result "1-0"]
[Round "05"]
[TimeControl "180+2"]
[Date "2023.05.09"]
[WhiteClock "0:00:56"]
[BlackClock "0:01:17"]

1. c4 e6 2. g3 d5 3. Bg2 Nf6 4. Nf3 Nc6 5. O-O Bd6 6. d4 O-O 7. b3 dxc4 8. bxc4 e5 9. d5 Na5 10. Nbd2 c6 11. e4 cxd5 12. cxd5 Bd7 13. Bb2 Rc8 14. Nxe5 Bb5 15. Re1 Qb6 16. Rb1 Rfe8 17. Ng4 Nd7 18. a4 Bd3 19. Nh6+ gxh6 20. Qg4+ Kf8 21. Bg7+ Ke7 22. Rxb6 axb6 23. e5 Bc5 24. Qh4+ f6 25. Bxf6+ Kf7 26. e6+ Kg8 27. Ba1 Bf8 28. Be4 Bxe4 29. Nxe4 Ne5 30. Bxe5 Re7 31. Nf6+ Kh8 32. Nh5+ Kg8 33. Qg4+ Bg7 34. Nxg7 Kf8 35. Nf5 Rc4 36. f4 Rc2 37. Nxh6 Rd7 38. Qg8+ Ke7 39. Qf7+ Kd8 40. Qxd7# 1-0


[Site "https://www.chess.com"]

[Event "Titled Tuesday Blitz May 9 Late 2023"]
[White "Bitoon, Richard"]
[Black "Matlakov, Maxim"]
[WhiteFideId "5201110"]
[BlackFideId "4168003"]
[WhiteElo "2374"]
[BlackElo "2666"]
[Result "1/2-1/2"]
[Round "05"]
[TimeControl "180+2"]
[Date "2023.05.09"]
[WhiteClock "0:00:44"]
[BlackClock "0:00:23"]

1. e4 c5 2. c3 e5 3. Nf3 Nc6 4. Bc4 Nf6 5. Ng5 d5 6. exd5 Nxd5 7. Qf3 Qxg5 8. Bxd5 Nd8 9. Na3 Qe7 10. O-O g6 11. d4 cxd4 12. cxd4 exd4 13. Bf4 Bg7 14. Nb5 O-O 15. Bd6 Qd7 16. Bxf8 Kxf8 17. Rfe1 Qxb5 18. Qa3+ Kg8 19. Bc4 Qd7 20. Re7 Qc6 21. Bd5 Qb5 22. Bc4 Qc6 23. Bd5 Qb5 24. Bc4 Qc6 1/2-1/2


[Site "https://www.chess.com"]

[Event "Titled Tuesday Blitz May 9 Late 2023"]
[White "Kucuksari, Kaan"]
[Black "Makarian, Rudik"]
[WhiteFideId "6380166"]
[BlackFideId "44105681"]
[WhiteElo "2364"]
[BlackElo "2461"]
[Result "0-1"]
[Round "05"]
[TimeControl "180+2"]
[Date "2023.05.09"]
[WhiteClock "0:00:02"]
[BlackClock "0:01:09"]

1. d4 Nf6 2. Nf3 c5 3. e3 d5 4. c3 cxd4 5. exd4 Nc6 6. Bf4 Bg4 7. Bd3 e6 8. h3 Bh5 9. O-O Bd6 10. Bxd6 Qxd6 11. Nbd2 O-O 12. Re1 Rab8 13. a4 a6 14. Qe2 Rfe8 15. Qe3 Bxf3 16. Nxf3 Nd7 17. Ne5 Ndxe5 18. dxe5 Qe7 19. a5 Red8 20. Ra4 g6 21. h4 d4 22. cxd4 Qxh4 23. g3 Qe7 24. Kg2 Nb4 25. Rh1 Nxd3 26. Qxd3 Qd7 27. b3 h5 28. Rc1 b5 29. axb6 Rxb6 30. Kh2 Qb7 31. Rc3 Rb4 32. Rxb4 Qxb4 33. Rc4 Qb7 34. Qc2 Kg7 35. Rc6 Rxd4 36. Rc7 Qf3 37. Ra7 Rd1 38. Rxf7+ Kxf7 39. Qc7+ Kg8 40. Qc8+ Kg7 41. Qc7+ Kh6 0-1


[Site "https://www.chess.com"]